Map: Ascension to Aiur LE

Players

FLORENCIO - Winner!

  • Race: Protoss Protoss
  • League: Diamond
  • Spawn Location: 5:00

Raisin

  • Race: Zerg Zerg
  • League: Diamond
  • Spawn Location: 11:00

VOD

Have the link to the VOD?

Description

Time

  • Played on: Jan. 19, 2018, 3:23 p.m.
  • Length: 5:28
Show
View Real Time Build Order
Export as new Build Order

FLORENCIO Protoss - Winner!

Build Orders: 1 Gate Expand 

Get SALT Encoding   

  12  0:01  Probe  
  13  0:16  Probe  
  13  0:20  Pylon  
  14  0:28  Probe (Chrono Boost)  
  15  0:40  Probe (Chrono Boost)  
  16  0:44  Gateway  
  16  1:04  Gateway  
  16  1:10  Probe  
  17  1:27  Nexus  
  17  1:30  Assimilator  
  17  1:35  Zealot (Chrono Boost)  
  19  1:45  Pylon  
  19  1:50  Pylon  
  19  2:00  Zealot x2 (Chrono Boost)  
  23  2:12  Gateway  
  23  2:27  Pylon  
  23  2:28  Zealot (Chrono Boost)  
  19  3:04  Zealot  
  14  4:17  Probe  
Show
View Real Time Build Order
Export as new Build Order

Raisin Zerg 

Build Orders: Pool First 

Get SALT Encoding   

  12  0:01  Drone  
  13  0:13  Overlord  
  13  0:19  Drone  
  14  0:32  Drone x2  
  16  0:37  Drone  
  17  0:47  Spawning Pool  
  17  0:49  Drone  
  17  0:53  Extractor  
  17  0:56  Drone  
  17  1:17  Hatchery  
  16  1:25  Overlord  
  16  1:34  Zergling x2  
  16  1:35  Zergling x2  
  18  1:41  Zergling x2  
  19  1:54  Metabolic Boost  
  19  1:58  Zergling x2  
  20  2:05  Overlord  
  20  2:15  Zergling x2  
  21  2:21  Queen  
  24  2:30  Drone  
  24  2:35  Spine Crawler  
  24  2:36  Drone  
  24  2:44  Zergling x2  
  24  2:45  Zergling x2  
  25  2:55  Zergling x2  
  10  3:08  Zergling x2  
  7  3:15  Zergling x2  
  4  3:57  Zergling x2  
  5  4:25  Zergling x2  
  3  4:59  Zergling x2  
Tags
 
Add a new tag
Caveats
  • Supply blocks, unpowered buildings, or Contaminate may cause inaccurate times.
  • Supply counts are checked every 10 seconds.